PBL
CINCINNATI REDS @ KANSAS CITY ROYALS
06/06/2071
 
TOP OF THE 1ST
Cincinnati Reds batting - Pitching for Kansas City Royals : RHP António Velásquez
Pitching: RHP António Velásquez
Batting: RHB Nick Reed 0-0: Swinging Strike
0-1: Ground out 6-3 (Groundball, 56, EV 84.4 MPH)
Batting: LHB Greg McIntosh 0-0: Fly out, F8 (Flyball, 8RM, EV 84.4 MPH)
Batting: LHB Guo-xiu Tse 0-0: Ground out U3 (Groundball, 3S, EV 68.1 MPH)
Top of the 1st over - 0 runs, 0 hits, 0 errors, 0 left on base; Cincinnati 0 - Kansas City 0
BOTTOM OF THE 1ST
Kansas City Royals batting - Pitching for Cincinnati Reds : RHP Ricky Bray
Pitching: RHP Ricky Bray
Batting: LHB Dan Heller 0-0: Ball
1-0: Called Strike
1-1: Foul Ball, location: 3F
1-2: Foul Ball, location: 5F
1-2: SINGLE (Line Drive, 78S, EV 95.0 MPH)
Batting: RHB Bert Acheson 0-0: Called Strike
0-1: Fly out, F8 (Flyball, 8RXD, EV 103.8 MPH)
Batting: RHB Edgardo Pérez 0-0: Called Strike
0-1: Ball
1-1: Grounds into double play, 4-6-3 (Groundball, 4, EV 104.4 MPH)
Bottom of the 1st over - 0 runs, 1 hit, 0 errors, 0 left on base; Cincinnati 0 - Kansas City 0
TOP OF THE 2ND
Cincinnati Reds batting - Pitching for Kansas City Royals : RHP António Velásquez
Pitching: LHP Takiji Miura
Batting: LHB Rubén Reyes 0-0: Ball
1-0: Called Strike
1-1: Foul Ball, location: 7LDF
1-2: Strikes out looking
Batting: RHB Zack Davis 0-0: Ball
1-0: Ball
2-0: Fly out, F7 (Flyball, 7S, EV 96.3 MPH)
Batting: LHB Javier Gómez 0-0: Called Strike
0-1: Swinging Strike
0-2: Ball
1-2: Strikes out looking
Top of the 2nd over - 0 runs, 0 hits, 0 errors, 0 left on base; Cincinnati 0 - Kansas City 0
BOTTOM OF THE 2ND
Kansas City Royals batting - Pitching for Cincinnati Reds : RHP Ricky Bray
Batting: RHB Tamuramaro Maeda 0-0: Called Strike
0-1: Fly out, F7 (Flyball, 7D, EV 111.3 MPH)
Batting: RHB John Brown 0-0: Foul Ball, location: 7LMF
0-1: Foul Ball, location: 2F
0-2: Ground out 6-3 (Groundball, 6, EV 86.9 MPH)
Batting: RHB Neal Martin 0-0: Called Strike
0-1: Ball
1-1: Ball
2-1: Swinging Strike
2-2: Foul Ball, location: 9LMF
2-2: Ball
3-2: Strikes out swinging
Bottom of the 2nd over - 0 runs, 0 hits, 0 errors, 0 left on base; Cincinnati 0 - Kansas City 0
TOP OF THE 3RD
Cincinnati Reds batting - Pitching for Kansas City Royals : LHP Takiji Miura
Batting: LHB Miguel Ballerini 0-0: Ball
1-0: Foul Ball, location: 2F
1-1: Called Strike
1-2: Strikes out swinging
Batting: RHB Sancho Madrigal 0-0: Ball
1-0: Ground out 4-3 (Groundball, 34, EV 85.0 MPH)
Batting: LHB Kwang-sik Pom 0-0: Ball
1-0: Ball
2-0: Ground out 4-3 (Groundball, 4, EV 98.8 MPH)
Top of the 3rd over - 0 runs, 0 hits, 0 errors, 0 left on base; Cincinnati 0 - Kansas City 0
BOTTOM OF THE 3RD
Kansas City Royals batting - Pitching for Cincinnati Reds : RHP Ricky Bray
Batting: RHB Andrés Mota 0-0: Ball
1-0: Ground out 4-3 (Groundball, 4, EV 85.6 MPH)
Batting: RHB Jorge Morán 0-0: Called Strike
0-1: Ball
1-1: Ball
2-1: Foul Ball, location: 3DF
2-2: Ball
3-2: Foul Ball, location: 5FF
3-2: Base on Balls
Batting: LHB Dila Mzale 0-0: Ball
1-0: Called Strike
1-1: Swinging Strike
1-2: Foul Ball, location: 25FF
1-2: Ball
2-2: Fielders Choice at 2nd, 3-6 (Groundball, 3, EV 105.0 MPH)
Batting: LHB Dan Heller 0-0: Ball
Dila Mzale steals 2nd base
1-0: Ball
2-0: Ground out 2-3 (Groundball, 2L, EV 68.8 MPH)
Bottom of the 3rd over - 0 runs, 0 hits, 0 errors, 1 left on base; Cincinnati 0 - Kansas City 0
TOP OF THE 4TH
Cincinnati Reds batting - Pitching for Kansas City Royals : LHP Takiji Miura
Batting: RHB Nick Reed 0-0: Foul Ball, location: 2F
0-1: Swinging Strike
0-2: Ball
1-2: Strikes out swinging
Batting: LHB Greg McIntosh 0-0: Called Strike
0-1: Ball
1-1: Ball
2-1: Foul Ball, location: 2F
2-2: Strikes out swinging
Batting: LHB Guo-xiu Tse 0-0: Called Strike
0-1: Ball
1-1: Ball
2-1: Ball
3-1: Called Strike
3-2: Foul Ball, location: 5DF
3-2: Strikes out swinging
Top of the 4th over - 0 runs, 0 hits, 0 errors, 0 left on base; Cincinnati 0 - Kansas City 0
BOTTOM OF THE 4TH
Kansas City Royals batting - Pitching for Cincinnati Reds : RHP Ricky Bray
Batting: RHB Bert Acheson 0-0: Fly out, F8 (Flyball, 8RD, EV 94.4 MPH)
Batting: RHB Edgardo Pérez 0-0: Foul Ball, location: 5DF
0-1: Swinging Strike
0-2: Strikes out swinging, 2-3 out at first.
Batting: RHB Tamuramaro Maeda 0-0: Swinging Strike
0-1: Fly out, F3 (Popup, 3, EV 63.1 MPH)
Bottom of the 4th over - 0 runs, 0 hits, 0 errors, 0 left on base; Cincinnati 0 - Kansas City 0
TOP OF THE 5TH
Cincinnati Reds batting - Pitching for Kansas City Royals : LHP Takiji Miura
Batting: LHB Rubén Reyes 0-0: Called Strike
0-1: Foul Ball, location: 2F
0-2: Strikes out swinging
Batting: RHB Zack Davis 0-0: Ball
1-0: Ball
2-0: Fly out, F8 (Flyball, 8LXD, EV 93.8 MPH)
Pitching: RHP Wallace Williams
Batting: LHB Javier Gómez 0-0: Called Strike
0-1: Ball
1-1: Foul Ball, location: 23FF
1-2: Strikes out looking
Top of the 5th over - 0 runs, 0 hits, 0 errors, 0 left on base; Cincinnati 0 - Kansas City 0
BOTTOM OF THE 5TH
Kansas City Royals batting - Pitching for Cincinnati Reds : RHP Ricky Bray
Batting: RHB John Brown 0-0: Ball
1-0: Ball
2-0: Ground out 6-3 (Groundball, 56, EV 103.8 MPH)
Batting: RHB Neal Martin 0-0: Ball
1-0: Ball
2-0: Ball
3-0: Base on Balls
Batting: RHB Andrés Mota 0-0: Ball
1-0: Called Strike
1-1: Called Strike
1-2: Ball
2-2: Foul Ball, location: 2F
2-2: Ball
3-2: Fielders Choice at 2nd, 1-6 (Groundball, 34S, EV 67.5 MPH)
Batting: RHB Jorge Morán 0-0: Ball
1-0: Ball
2-0: Ball
3-0: Base on Balls
Andrés Mota to second
Batting: LHB Dila Mzale 0-0: Called Strike
0-1: Ball
1-1: Ground out U3 (Groundball, 3, EV 81.9 MPH)
Bottom of the 5th over - 0 runs, 0 hits, 0 errors, 2 left on base; Cincinnati 0 - Kansas City 0
TOP OF THE 6TH
Cincinnati Reds batting - Pitching for Kansas City Royals : RHP Wallace Williams
Batting: LHB Miguel Ballerini 0-0: Ball
1-0: Fly out, F9 (Flyball, 9S, EV 80.0 MPH)
Batting: RHB Sancho Madrigal 0-0: Ball
1-0: Swinging Strike
1-1: Ball
2-1: Foul Ball, location: 25F
2-2: Strikes out swinging
Batting: LHB Kwang-sik Pom 0-0: Ball
1-0: Ball
2-0: Ball
3-0: Called Strike
3-1: Swinging Strike
3-2: Base on Balls
Batting: RHB Nick Reed 0-0: Ball
1-0: Ball
2-0: Called Strike
2-1: Called Strike
2-2: Foul Ball, location: 25F
2-2: Ball
3-2: Strikes out looking
Top of the 6th over - 0 runs, 0 hits, 0 errors, 1 left on base; Cincinnati 0 - Kansas City 0
BOTTOM OF THE 6TH
Kansas City Royals batting - Pitching for Cincinnati Reds : RHP Ricky Bray
Batting: LHB Dan Heller 0-0: Called Strike
0-1: Ball
1-1: Ball
2-1: Called Strike
2-2: Strikes out looking
Batting: RHB Bert Acheson 0-0: Called Strike
0-1: Ball
1-1: Foul Ball, location: 9LMF
1-2: Ball
2-2: Foul Ball, location: 2F
2-2: Foul Ball, location: 2F
2-2: Ball
3-2: Foul Ball, location: 2RF
3-2: Foul Ball, location: 25F
3-2: SINGLE (Line Drive, 56, EV 95.0 MPH)
Batting: RHB Edgardo Pérez 0-0: Ball
1-0: Ball
2-0: Called Strike
2-1: Called Strike
2-2: 2-RUN HOME RUN (Flyball, 7LD, EV 93.8 MPH), Distance : 336 ft
Batting: RHB Tamuramaro Maeda 0-0: Ball
1-0: Foul Ball, location: 7LDF
1-1: Fly out, F9 (Flyball, 9LSF, EV 92.5 MPH)
Batting: RHB John Brown 0-0: Foul Ball, location: 9LDF
0-1: Foul Ball, location: 9LMF
0-2: Strikes out swinging
Bottom of the 6th over - 2 runs, 2 hits, 0 errors, 0 left on base; Cincinnati 0 - Kansas City 2
TOP OF THE 7TH
Cincinnati Reds batting - Pitching for Kansas City Royals : RHP Wallace Williams
Batting: LHB Greg McIntosh 0-0: Ball
1-0: Foul Ball, location: 2F
1-1: Ball
2-1: Called Strike
2-2: Strikes out swinging, 2-3 out at first.
Batting: LHB Guo-xiu Tse 0-0: Swinging Strike
0-1: Foul Ball, location: 25F
0-2: Ball
1-2: Strikes out swinging
Batting: LHB Rubén Reyes 0-0: Hit by Pitch
Pitching: RHP Ken Hopkins
Batting: RHB Zack Davis 0-0: Ball
1-0: Ball
2-0: Foul Ball, location: 2RF
2-1: Foul Ball, location: 2LF
2-2: Foul Ball, location: 2F
2-2: Ball
3-2: Foul Ball, location: 7LMFF
3-2: Base on Balls
Rubén Reyes to second
Batting: LHB Javier Gómez 0-0: Ground out 4-3 (Groundball, 4, EV 85.0 MPH)
Top of the 7th over - 0 runs, 0 hits, 0 errors, 2 left on base; Cincinnati 0 - Kansas City 2
BOTTOM OF THE 7TH
Kansas City Royals batting - Pitching for Cincinnati Reds : RHP Ricky Bray
Pitching: LHP Ernesto Zavala
Batting: RHB Neal Martin 0-0: Ball
1-0: Called Strike
1-1: Ball
2-1: Foul Ball, location: 9LDF
2-2: Strikes out swinging
Batting: RHB Andrés Mota 0-0: Ball
1-0: Swinging Strike
1-1: Swinging Strike
1-2: Strikes out swinging
Batting: RHB Jorge Morán 0-0: Ball
1-0: Fly out, F9 (Flyball, 9D, EV 100.0 MPH)
Bottom of the 7th over - 0 runs, 0 hits, 0 errors, 0 left on base; Cincinnati 0 - Kansas City 2
TOP OF THE 8TH
Cincinnati Reds batting - Pitching for Kansas City Royals : RHP Ken Hopkins
Batting: LHB Miguel Ballerini 0-0: Ball
1-0: Ball
2-0: Ball
3-0: Base on Balls
Batting: RHB Sancho Madrigal 0-0: Called Strike
0-1: Ball
1-1: Swinging Strike
1-2: Foul Ball, location: 23FF
1-2: Strikes out looking
Batting: LHB Kwang-sik Pom 0-0: Called Strike
0-1: Ball
1-1: Ball
2-1: Ball
3-1: Fly out, F7 (Flyball, 7, EV 85.6 MPH)
Batting: RHB Nick Reed 0-0: Fly out, F4 (Popup, 4, EV 64.4 MPH)
Top of the 8th over - 0 runs, 0 hits, 0 errors, 1 left on base; Cincinnati 0 - Kansas City 2
BOTTOM OF THE 8TH
Kansas City Royals batting - Pitching for Cincinnati Reds : LHP Ernesto Zavala
Batting: LHB Dila Mzale 0-0: Ball
1-0: Called Strike
1-1: Called Strike
1-2: Fly out, F7 (Flyball, 78S, EV 88.1 MPH)
Batting: LHB Dan Heller 0-0: Called Strike
0-1: Swinging Strike
0-2: Fly out, F8 (Line Drive, 89M, EV 95.6 MPH)
Batting: RHB Bert Acheson 0-0: Ball
1-0: Called Strike
1-1: Swinging Strike
1-2: Ball
2-2: Ball
3-2: Strikes out swinging
Bottom of the 8th over - 0 runs, 0 hits, 0 errors, 0 left on base; Cincinnati 0 - Kansas City 2
TOP OF THE 9TH
Cincinnati Reds batting - Pitching for Kansas City Royals : RHP Ken Hopkins
Pitching: RHP Thomas García
Batting: LHB Greg McIntosh 0-0: DOUBLE (Flyball, 9LD, EV 95.0 MPH)
Batting: LHB Guo-xiu Tse 0-0: Foul Ball, location: 2F
0-1: Ball
1-1: Swinging Strike
1-2: Ball
2-2: Strikes out swinging
Batting: LHB Rubén Reyes 0-0: 2-RUN HOME RUN (Flyball, 9D, EV 96.3 MPH), Distance : 387 ft
Batting: RHB Zack Davis 0-0: Called Strike
0-1: Ball
1-1: SINGLE (Line Drive, 9S, EV 93.1 MPH)
Batting: LHB Javier Gómez 0-0: Ball
1-0: Ball
2-0: Ball
3-0: Called Strike
3-1: Fly out, F9 (Line Drive, 9LS, EV 89.4 MPH)
Batting: LHB Miguel Ballerini 0-0: Called Strike
0-1: Ball
1-1: Foul Ball, location: 5SF
1-2: Strikes out swinging
Top of the 9th over - 2 runs, 3 hits, 0 errors, 1 left on base; Cincinnati 2 - Kansas City 2
BOTTOM OF THE 9TH
Kansas City Royals batting - Pitching for Cincinnati Reds : LHP Ernesto Zavala
Pitching: LHP Iván García
Batting: RHB Edgardo Pérez 0-0: Fly out, F8 (Flyball, 8RXD, EV 98.1 MPH)
Batting: RHB Tamuramaro Maeda 0-0: Swinging Strike
0-1: Foul Ball, location: 2F
0-2: Strikes out swinging
Batting: RHB John Brown 0-0: Ball
1-0: Called Strike
1-1: Foul Ball, location: 7LSF
1-2: Ball
2-2: Ball
3-2: Ground out U3 (Groundball, 34, EV 78.8 MPH)
Bottom of the 9th over - 0 runs, 0 hits, 0 errors, 0 left on base; Cincinnati 2 - Kansas City 2
TOP OF THE 10TH
Cincinnati Reds batting - Pitching for Kansas City Royals : RHP Thomas García
Pitching: RHP Donald McDaniel
Pinch Hitting: LHB Carlos Flores 0-0: Ball
1-0: Called Strike
1-1: Ball
2-1: Ball
3-1: Called Strike
3-2: Base on Balls
Batting: LHB Kwang-sik Pom 0-0: SINGLE (Line Drive, 8RS, EV 85.0 MPH)
Carlos Flores to second
Batting: RHB Nick Reed 0-0: Called Strike
0-1: Fly out, F9 (Flyball, 9D, EV 104.4 MPH)
Runner from 2nd tags up, SAFE at 3rd, no throw by RF
Batting: LHB Greg McIntosh 0-0: Called Strike
0-1: Foul Ball, location: 3FF
0-2: Foul Ball, location: 7LMF
0-2: Reached on error, E4 (Groundball, 4, EV 107.5 MPH)
Carlos Flores scores
Kwang-sik Pom to second
Batting: LHB Guo-xiu Tse 0-0: Fielders Choice at 2nd, 4-6 (Groundball, 34, EV 103.1 MPH)
Kwang-sik Pom to third
Batting: LHB Rubén Reyes 0-0: Ball
1-0: Ball
2-0: Ball
3-0: Called Strike
3-1: Called Strike
3-2: Fly out, F4 (Popup, 4S, EV 72.5 MPH)
Top of the 10th over - 1 run, 1 hit, 1 error, 2 left on base; Cincinnati 3 - Kansas City 2
BOTTOM OF THE 10TH
Kansas City Royals batting - Pitching for Cincinnati Reds : LHP Iván García
Now at 2B: Ramón García
Now at SS: Bob Calfee
Now in LF: Greg McIntosh
Now in CF: Ricardo Márquez
Batting: RHB Neal Martin 0-0: Called Strike
0-1: Foul Ball, location: 5F
0-2: Strikes out swinging
Batting: RHB Andrés Mota 0-0: Foul Ball, location: 2F
0-1: Ball
1-1: Called Strike
1-2: Foul Ball, location: 5SF
1-2: Ball
2-2: Strikes out swinging
Batting: RHB Jorge Morán 0-0: Ball
1-0: Ball
2-0: Foul Ball, location: 2F
2-1: Called Strike
2-2: Ball
3-2: Ground out 6-3 (Groundball, 6, EV 81.3 MPH)
Bottom of the 10th over - 0 runs, 0 hits, 0 errors, 0 left on base; Cincinnati 3 - Kansas City 2
Saturday, April 20th , 2024 - OOTP Baseball 24.10 Build 82